 Dungeon Crawl Stone Soup version 0.30-a0-860-g512cf1e979 (webtiles) character file.

Game seed: 2974518591677461273

92 mandoloar the Digger (level 4, -2/32 HPs)
             Began as a Gnoll Earth Elementalist on Mar 8, 2023.
             Succumbed to a hobgoblin's curare-tipped dart
             ... on level 3 of the Dungeon.
             The game lasted 00:04:59 (2161 turns).

mandoloar the Digger (Gnoll Earth Elementalist)     Turns: 2161, Time: 00:05:00

Health: -2/32      AC:  2    Str:  8    XL:     4   Next: 60%
Magic:  11/11      EV: 13    Int: 16    God:
Gold:   129        SH:  0    Dex: 12    Spells: 9/13 levels left

rFire   . . .      SeeInvis .    a - +0 short sword
rCold   . . .      Faith    .    (no shield)
rNeg    . . .      Spirit   .    h - +0 robe
rPois   .          Reflect  .    (no helmet)
rElec   .          Rampage  .    (no cloak)
rCorr   .                        (no gloves)
Will    .....                    (no boots)
Stlth   ++                       (no amulet)
HPRegen 0.25/turn                (no ring)
MPRegen 0.12/turn                (no ring)

@: lethally poisoned (-2 -> -24), slowed, very slow
A: fangs 1, strong nose, distributed training
a: no special abilities


You were on level 3 of the Dungeon.
You visited 1 branch of the dungeon, and saw 3 of its levels.

You collected 129 gold pieces.

Inventory:

Hand Weapons
 a - a +0 short sword (weapon)
 b - a +0 sling
Armour
 h - a +0 robe (worn)
 k - a +0 tower shield
Scrolls
 d - a scroll of noise
 e - 3 scrolls of identify {unknown}
 g - 4 scrolls of vulnerability {unknown}
 l - a scroll of teleportation {unknown}
 m - a scroll of immolation {unknown}
Potions
 c - 5 potions of curing {unknown}
 f - a potion of heal wounds {unknown}
 i - a potion of might {unknown}
 j - 2 potions of magic


   Skills:
 + Level 1.2 Fighting
 + Level 1.2 Short Blades
 + Level 1.2 Long Blades
 + Level 1.2 Axes
 + Level 1.2 Maces & Flails
 + Level 1.2 Polearms
 + Level 1.2 Staves
 + Level 1.2 Ranged Weapons
 + Level 1.2 Throwing
 + Level 1.2 Armour
 + Level 4.7 Dodging
 + Level 4.3 Stealth
 + Level 1.2 Shields
 + Level 1.2 Unarmed Combat
 + Level 5.1 Spellcasting
 + Level 1.0 Conjurations
 + Level 1.0 Hexes
 + Level 1.0 Summonings
 + Level 1.0 Necromancy
 + Level 1.0 Translocations
 + Level 2.3 Transmutations
 + Level 1.0 Fire Magic
 + Level 1.0 Ice Magic
 + Level 1.0 Air Magic
 + Level 5.5 Earth Magic
 + Level 1.0 Poison Magic
 + Level 1.3 Invocations
 + Level 1.2 Evocations


You had 9 spell levels left.
You knew the following spells:

 Your Spells              Type           Power      Damage    Failure   Level
a - Sandblast             Erth           42%        2d11      1%          1
b - Stone Arrow           Conj/Erth      28%        3d8       12%         3

Your spell library contained the following spells:

 Spells                   Type           Power      Damage    Failure   Level
 Passwall                 Tmut/Erth      13%        N/A       4%          2
 Inner Flame              Hex/Fire       7%         N/A       30%         3
 Petrify                  Tmut/Erth      16%        N/A       30%         4
 Cause Fear               Hex            3%         N/A       69%         4
 Discord                  Hex            3%         N/A       100%        8


Dungeon Overview and Level Annotations

Branches:
Dungeon (3/15)

Altars:
Cheibriados
Dithmenos
Yredelemnul
The Shining One


Innate Abilities, Weirdness & Mutations

You have very sharp teeth.
Your uncanny sense of smell can sniff out nearby items.
Your experience applies equally to all skills.


Message History

The blast of sand misses the quokka.
The blast of sand hits the quokka.
The quokka is lightly wounded.
The quokka bites you but does no damage.
The blast of sand misses the quokka.
The quokka bites you.
The blast of sand hits the quokka!
You kill the quokka!
HP restored.
m - a scroll labelled HOHUUD MOCUMI
There is a snail-covered altar of Cheibriados here.
There is a basalt altar of Yredelemnul here.
You now have 129 gold pieces (gained 12).
e - 3 scrolls labelled XOLALA ALU (gained 1)
A bat comes into view.
The bat moves out of view.
A bat is nearby!
You can't see any susceptible monsters within range! (Use Z to cast anyway.)
A hobgoblin comes into view. It is quivering curare-tipped darts.
There is a stone staircase leading up here.
As you read the scroll labelled VEPSEABUORCH, it crumbles to dust.
You hear a loud clanging noise!
It was a scroll of noise.
You hear a shout!
The hobgoblin throws a curare-tipped dart.
The curare-tipped dart hits you.
You are poisoned.
You have difficulty breathing.
You feel yourself slow down.
You feel very sick.
The hobgoblin throws a curare-tipped dart.
The curare-tipped dart closely misses you.
You feel very sick.
The hobgoblin throws a curare-tipped dart.
The curare-tipped dart hits you.
You are lethally poisoned!
You have difficulty breathing.
* * * LOW HITPOINT WARNING * * *
You feel as though you will be slow longer.
You are too injured to fight recklessly!
You are too injured to fight recklessly!
You die...

#......####..........
#...#............#
##.##.#####.####....#
#. #.# #.# ..# #. #.#
#.# # #. #.# #.#
#.##.# ..#
#...<###...###
####.@....g...
#.###...### #.# .##
#.# # #.# #.# #.# #.
∆


You could see a hobgoblin.

Vanquished Creatures
  4 adders
  A worm (D:2)
  2 dart slugs (D:2)
  2 endoplasms (D:1)
  A giant cockroach (D:1)
  2 goblins
  9 hobgoblins
  4 jackals (D:1)
  3 kobolds (D:1)
  3 quokkas
  2 ball pythons (D:2)
  4 bats
  6 frilled lizards
  4 rats
47 creatures vanquished.

Notes
Turn   | Place    | Note
-------+----------+-------------------------------------------
     0 | D:1      | mandoloar the Gnoll Earth Elementalist began the quest for
                  | the Orb.
     0 | D:1      | Reached XP level 1. HP: 13/13 MP: 6/6
   251 | D:1      | Reached XP level 2. HP: 19/19 MP: 5/7
   781 | D:1      | Reached skill level 5 in Spellcasting
   781 | D:1      | Reached XP level 3. HP: 23/25 MP: 4/9
   796 | D:1      | Learned a level 3 spell: Stone Arrow
  1087 | D:2      | Reached skill level 1 in Invocations
  1318 | D:2      | Reached skill level 1 in Fighting
  1318 | D:2      | Reached skill level 1 in Short Blades
  1318 | D:2      | Reached skill level 1 in Long Blades
  1318 | D:2      | Reached skill level 1 in Axes
  1318 | D:2      | Reached skill level 1 in Maces & Flails
  1318 | D:2      | Reached skill level 1 in Polearms
  1318 | D:2      | Reached skill level 1 in Staves
  1318 | D:2      | Reached skill level 1 in Ranged Weapons
  1318 | D:2      | Reached skill level 1 in Throwing
  1318 | D:2      | Reached skill level 1 in Armour
  1318 | D:2      | Reached skill level 1 in Shields
  1318 | D:2      | Reached skill level 1 in Unarmed Combat
  1318 | D:2      | Reached skill level 1 in Evocations
  1326 | D:2      | Reached XP level 4. HP: 32/32 MP: 6/11
  1959 | D:3      | Found a snail-covered altar of Cheibriados.
  1963 | D:3      | Reached skill level 1 in Conjurations
  1963 | D:3      | Reached skill level 1 in Hexes
  1963 | D:3      | Reached skill level 1 in Summonings
  1963 | D:3      | Reached skill level 1 in Necromancy
  1963 | D:3      | Reached skill level 1 in Translocations
  1963 | D:3      | Reached skill level 1 in Fire Magic
  1963 | D:3      | Reached skill level 1 in Ice Magic
  1963 | D:3      | Reached skill level 1 in Air Magic
  1963 | D:3      | Reached skill level 1 in Poison Magic
  2055 | D:3      | Found a glowing golden altar of the Shining One.
  2068 | D:3      | Found a shadowy altar of Dithmenos.
  2068 | D:3      | Found a basalt altar of Yredelemnul.
  2161 | D:3      | Succumbed to a hobgoblin's curare-tipped dart

Illustrated notes

Levels and vault maps discovered:
D:1:      scummos_arrival_gate, layout_loops_corners
D:2:      layout_basic, minmay_hexomino_p4
D:3:      layout_loops_ring, grunt_temple_overflow_open

Skill      XL: |  1  2  3  4 |
---------------+-------------+-----
Transmutations | 2 |  2.3
Spellcasting   | 5 |  5.1
Invocations    | 1 |  1.3
Fighting       | 1 |  1.2
Short Blades   | 1 |  1.2
Long Blades    | 1 |  1.2
Axes           | 1 |  1.2
Maces & Flails | 1 |  1.2
Polearms       | 1 |  1.2
Staves         | 1 |  1.2
Ranged Weapons | 1 |  1.2
Throwing       | 1 |  1.2
Armour         | 1 |  1.2
Shields        | 1 |  1.2
Unarmed Combat | 1 |  1.2
Evocations     | 1 |  1.2
Conjurations   | 1 |  1.0
Hexes          | 1 |  1.0
Summonings     | 1 |  1.0
Necromancy     | 1 |  1.0
Translocations | 1 |  1.0
Fire Magic     | 1 |  1.0
Ice Magic      | 1 |  1.0
Air Magic      | 1 |  1.0
Poison Magic   | 1 |  1.0
Dodging        | |  4.7
Stealth        | |  4.3
Earth Magic    | |  5.5

Action                     |  1- 3 |  4- 6 || total
---------------------------+-------+-------++-------
   Fire: Sling             |       |     3 ||     3
   Cast: Sandblast         |    43 |    21 ||    64
    Use: Scroll            |       |     1 ||     1
 Armour: Robe              |     2 |     1 ||     3
  Dodge: Dodged            |    10 |     4 ||    14

Table legend: (Time is in decaauts)
 A = Elapsed time spent in this place.
 B = Non-inter-level travel time spent in this place.
 C = Inter-level travel time spent in this place.
 D = Time resting spent in this place.
 E = Time spent auto-exploring this place.
 F = Levels seen in this place.
 G = Mean time per level.
                   A        B        C        D        E       F      G
               +--------+--------+--------+--------+--------+-----+--------+
         Total |   2195 |   1977 |    218 |    149 |   1520 |   3 |  731.7 |
       Dungeon |   2195 |   1977 |    218 |    149 |   1520 |   3 |  731.7 |
               +--------+--------+--------+--------+--------+-----+--------+

Top non-repeatable levels by time:
     D:1: 1171 daAuts
     D:2: 870 daAuts
     D:3: 152 daAuts
